 Dungeon Crawl Stone Soup version 0.21.1-1-g345015f (webtiles) character file.

65 Inarius the Ruffian (level 4, 0/35 (37) HPs)
             Began as a Ghoul Gladiator on Feb 27, 2018.
             Killed from afar by Natasha (6 damage)
             ... with a magic dart
             ... on level 2 of the Dungeon.
             The game lasted 00:01:40 (1248 turns).

Inarius the Ruffian (Ghoul Gladiator)               Turns: 1248, Time: 00:01:40

HP:   0/35 (37)     AC:  7    Str: 17    XL:     4   Next: 13%
MP:   3/3           EV: 10    Int:  4    God:
Gold: 29            SH:  0    Dex: 10    Spells: 3/3 levels left

rFire    . . .     SeeInvis .     - Unarmed
rCold    + . .     Gourm    .   (no shield)
rNeg     + + +     Faith    .   k - +0 scale mail
rPois    ∞         Spirit   .   b - +0 helmet
rElec    .         Reflect  .   (no cloak)
rCorr    .         Harm     .   (no gloves)
MR       .....                  (no boots)
Stlth    ..........             (no amulet)
HPRegen  0.00/turn              (no ring)
MPRegen  0.08/turn              (no ring)

@: rotting
A: rotting body, claws 1, carnivore, cold resistance 1, negative energy
resistance 3, inhibited regeneration, torment resistance, unbreathing
a: no special abilities


You were on level 2 of the Dungeon.
You were not hungry.

You visited 1 branch of the dungeon, and saw 2 of its levels.

You collected 29 gold pieces.

Inventory:

Missiles
 c - 3 throwing nets (quivered)
Armour
 b - a +0 helmet (worn)
 k - a +0 scale mail (worn)
Scrolls
 a - 2 scrolls of amnesia {unknown}
 e - 2 scrolls of teleportation {unknown}
 g - a scroll of noise {unknown}
 h - 2 scrolls of identify {unknown}
 j - a scroll of immolation {unknown}
Potions
 i - a potion of agility {unknown}
 l - 3 potions of cancellation {unknown}
Comestibles
 d - 2 rations


   Skills:
 + Level 2.5 Fighting
 + Level 1.9 Throwing
 + Level 0.7 Armour
 + Level 3.2 Dodging
 + Level 4.4 Unarmed Combat


You had 3 spell levels left.
You didn't know any spells.

Dungeon Overview and Level Annotations

Branches:
Dungeon (2/15)

Altars:

Annotations:
D:2 Natasha


Innate Abilities, Weirdness & Mutations

Your body is rotting away.
You thrive on raw meat.
You are immune to poison.
You have sharp fingernails.
You are carnivorous and can eat meat at any time.
Your flesh is cold resistant. (rC+)
You are immune to negative energy. (rN+++)
You do not regenerate when monsters are visible.
You are immune to unholy pain and torment.
You can survive without breathing.


Message History

Natasha claws you.
The crimson imp hits you but does no damage.
You scratch Natasha.
Natasha is severely wounded.
Natasha claws you!
* * * LOW HITPOINT WARNING * * *
The crimson imp hits you.
* * * LOW HITPOINT WARNING * * *
You closely miss Natasha.
Natasha is severely wounded.
Natasha barely misses you. The crimson imp closely misses you.
You miss Natasha.
Natasha is severely wounded.
Natasha claws you but does no damage.
The crimson imp hits you but does no damage.
You scratch Natasha.
Natasha is almost dead.
Natasha casts a spell at you. The magic dart hits you!
You die...

# # # # # # #
#######################
..............5h@5....#
#####################.#
#.# #<# ###


You could see Natasha, a crimson imp and a white imp.

Vanquished Creatures
  Natasha (D:2)
  An adder (D:2)
  An ooze (D:1)
  2 leopard geckos (D:1)
  3 giant cockroaches (D:1)
  5 goblins (D:1)
  2 hobgoblins (D:1)
  2 bats (D:1)
  3 frilled lizards (D:1)
  5 kobolds
  2 rats (D:1)
27 creatures vanquished.

Notes
Turn   | Place    | Note
-------+----------+-------------------------------------------
     0 | D:1      | Inarius the Ghoul Gladiator began the quest for the Orb.
     0 | D:1      | Reached XP level 1. HP: 17/17 MP: 0/0
   212 | D:1      | Reached XP level 2. HP: 24/24 MP: 1/1
   394 | D:1      | Reached XP level 3. HP: 28/30 MP: 2/2
   839 | D:2      | Noticed Natasha
  1100 | D:2      | Reached skill level 4 in Unarmed Combat
  1109 | D:2      | Killed Natasha
  1109 | D:2      | Reached XP level 4. HP: 11/36 MP: 3/3
  1235 | D:2      | Noticed Natasha
  1248 | D:2      | Killed from afar by Natasha

Skill      XL: |  1  2  3 |
---------------+----------+-----
Dodging        | 3 |  3.2
Unarmed Combat | 4 |  4.4
Fighting       | |  2.5
Throwing       | |  1.9
Armour         | |  0.7

Action                   |  1- 3 |  4- 6 || total
-------------------------+-------+-------++-------
Melee: Unarmed           |    76 |    11 ||    87
  Eat: Chunk             |     8 |       ||     8
Armor: Scale mail        |    28 |     4 ||    32
       Leather armour    |     1 |       ||     1
Dodge: Dodged            |    37 |     6 ||    43
